 Dungeon Crawl Stone Soup version 0.30.0-11-gf55b779eaf (webtiles) character file.

Game seed: 12883087658039678833

387 Edyrem the Covert (level 6, -3/52 HPs)
             Began as a Naga Brigand on May 16, 2023.
             Slain by a gnoll
             ... wielding a +2 whip of electrocution
              (7 damage)
             ... on level 3 of the Dungeon.
             The game lasted 00:07:45 (2578 turns).

Edyrem the Covert (Naga Brigand)                    Turns: 2578, Time: 00:07:45

Health: -3/52      AC:  5    Str: 13    XL:     6   Next: 78%
Magic:  6/6        EV:  9    Int: 11    God:
Gold:   113        SH:  0    Dex: 15    Spells: 5/5 levels left

rFire   . . .        b - +3 scythe (holy)
rCold   . . .        (shield currently unavailable)
rNeg    . . .        t - +1 robe {Will+}
rPois   +            (no helmet)
rElec   .            c - +0 cloak
rCorr   .            (no gloves)
SInv    +            (no barding)
Will    +....        (no amulet)
Stlth   +++++        (no ring)
HPRegen 0.28/turn    (no ring)
MPRegen 0.10/turn

%: no passive effects
@: very slow
A: AC +2, large, see invisible, deformed body, poison resistance, slowness 2,
spit poison 1, naga tail 1
a: Spit Poison


You were on level 3 of the Dungeon.
You visited 1 branch of the dungeon, and saw 3 of its levels.

You collected 113 gold pieces.

Inventory:

Hand Weapons
 a - a +2 dagger
 b - a +3 scythe of holy wrath (weapon)
 s - a +0 dagger of speed
Missiles
 d - 9 poisoned darts (quivered)
 e - 9 curare-tipped darts
 k - 2 javelins
Armour
 c - a +0 cloak (worn)
 t - a +1 robe of willpower (worn)
Jewellery
 o - a ring of wizardry
Scrolls
 i - 9 scrolls of teleportation {unknown}
 p - a scroll of poison {unknown}
 r - a scroll of enchant armour {unknown}
Potions
 f - a potion of heal wounds {unknown}
 g - a potion of mutation {unknown}
 h - a potion of brilliance {unknown}
 j - 2 potions of curing {unknown}
 l - a potion of attraction {unknown}
 m - a potion of flight {unknown}
 n - a potion of haste {unknown}
 q - a potion of lignification {unknown}


   Skills:
 - Level 2.0 Fighting
 - Level 2.0 Short Blades
 - Level 1.7 Throwing
 - Level 0.7 Dodging
 + Level 11.9 Stealth


You had 5 spell levels left.
You didn't know any spells.
Your spell library was empty.

Dungeon Overview and Level Annotations

Branches:
Dungeon (3/15)

Altars:
Uskayaw

Shops:
D:1 ?


Innate Abilities, Weirdness & Mutations

Your serpentine skin is tough. (AC +2)
You have supernaturally acute eyesight. (SInv)
Armour fits poorly on your strangely shaped body.
Your system is resistant to poisons. (rPois)
You cover ground very slowly.
You can spit poison.
You have a snake-like lower body.


Message History

Press: ? - help, Dir - move target, f/p - gnoll
Aim: a gnoll, wielding a +0 spear (almost dead, about 40% to evade your +3 scythe of holy wrath)
You reach to attack!
You barely miss the gnoll.
The gnoll is almost dead.
The gnoll hits you from afar with a +0 spear.
Reach: b) +3 scythe (holy)
Press: ? - help, Dir - move target, f/p - gnoll
Aim: a gnoll, wielding a +0 spear (almost dead, about 40% to evade your +3 scythe of holy wrath)
You reach to attack!
You puncture the gnoll!
You kill the gnoll!
A gnoll comes into view. It is wielding a +0 whip.
Reach: b) +3 scythe (holy)
Press: ? - help, Dir - move target, f - gnoll
Aim: a gnoll, wielding a +2 whip of electrocution (about 40% to evade your +3 scythe of holy wrath)
The gnoll shouts!
You hit the gnoll.
The gnoll is heavily wounded.
The gnoll hits you but does no damage.
Reach: b) +3 scythe (holy)
Press: ? - help, Dir - move target, f/p - gnoll
Aim: a gnoll, wielding a +2 whip of electrocution (heavily wounded, about 40% to evade your +3 scythe of holy wrath)
You barely miss the gnoll.
The gnoll is heavily wounded.
The gnoll hits you with a +2 whip of electrocution.
The gnoll hits you with a +2 whip of electrocution!
* * * LOW HITPOINT WARNING * * *
Reach: b) +3 scythe (holy)
Press: ? - help, Dir - move target, f/p - gnoll
Aim: a gnoll, wielding a +2 whip of electrocution (heavily wounded, about 40% to evade your +3 scythe of holy wrath)
You slash the gnoll!
The gnoll is almost dead.
The gnoll hits you with a +2 whip of electrocution!
* * * LOW HITPOINT WARNING * * *
Reach: b) +3 scythe (holy)
Press: ? - help, Dir - move target, f/p - gnoll
Aim: a gnoll, wielding a +2 whip of electrocution (almost dead, about 40% to evade your +3 scythe of holy wrath)
You closely miss the gnoll.
The gnoll is almost dead.
The gnoll hits you with a +2 whip of electrocution!
You die...

#.##.###.##.#####.#.#
#.##....#.#.........#
#.######.########.### #.#
#.# ##+## #.######.#
##...## #........# ##.....#
#######..# ##.......
.##.########...####........
........gg@.......'........
.##.########...####........
##..# ##....... ##.#
##.....# #.# ##...## #.#
##'## #.# #.# #.# #.# #.#


You could see 2 gnolls.

Vanquished Creatures
  Sigmund (D:2)
  2 orc wizards (D:3)
  8 adders
  2 gnolls (D:3)
  A worm (D:2)
  4 dart slugs
  3 orcs (D:3)
  2 giant cockroaches
  4 goblins (D:1)
  7 hobgoblins
  5 jackals
  8 kobolds
  A quokka (D:2)
  14 ball pythons
  5 bats (D:1)
  2 frilled lizards
  9 rats
78 creatures vanquished.

Notes
Turn   | Place    | Note
-------+----------+-------------------------------------------
     0 | D:1      | Edyrem the Naga Brigand began the quest for the Orb.
     0 | D:1      | Reached XP level 1. HP: 19/19 MP: 1/1
     9 | D:1      | Reached skill level 6 in Stealth
    82 | D:1      | Found Qab Iwil's Magic Scroll Boutique.
    88 | D:1      | Reached XP level 2. HP: 26/26 MP: 2/2
   148 | D:1      | Reached skill level 7 in Stealth
   367 | D:1      | Reached XP level 3. HP: 29/32 MP: 3/3
   932 | D:2      | Reached skill level 8 in Stealth
  1130 | D:2      | Reached XP level 4. HP: 39/39 MP: 4/4
  1390 | D:2      | Noticed Sigmund
  1397 | D:2      | Killed Sigmund
  1398 | D:2      | Reached skill level 10 in Stealth
  1398 | D:2      | Reached XP level 5. HP: 45/45 MP: 5/5
  1398 | D:2      | Reached XP level 6. HP: 52/52 MP: 6/6
  1666 | D:2      | Reached skill level 11 in Stealth
  2022 | D:3      | HP: 2/52 [orc wizard/magic dart (9)]
  2284 | D:3      | Found a hide-covered altar of Uskayaw.
  2578 | D:3      | Slain by a gnoll

Illustrated notes

Levels and vault maps discovered:
D:1:      minmay_arrival_stone_box, layout_basic, serial_shops,
          nicolae_shop_tiny_statue_garden, st_stairs_10,
          hangedman_decor_opposing, minmay_close_crescents
D:2:      layout_basic, kennysheep_nondescript, st_stairs_2,
          minmay_snake_closets, uniq_sigmund
D:3:      layout_loops_corners, nicolae_uskayaw_murder_on_the_dancefloor,
          chequers_temple_overflow_minitemple,
          hellmonk_ecumenical_altar_arch_garden, kennysheep_generic_room_12,
          uniq_natasha

Skill      XL: |  1  2  3  4  5  6 |
---------------+-------------------+-----
Stealth        | 6 7 8 10 11 | 11.9
Fighting       | |  2.0
Short Blades   | |  2.0
Throwing       | |  1.7
Dodging        | |  0.7

Action                     |  1- 3 |  4- 6 || total
---------------------------+-------+-------++-------
  Melee: Dagger            |    86 |   146 ||   232
         Halberd           |       |    28 ||    28
         Punch             |       |     1 ||     1
   Stab: Sleeping          |    15 |    16 ||    31
 Armour: Robe              |    25 |    45 ||    70
  Dodge: Dodged            |    33 |    65 ||    98
